 Dungeon Crawl Stone Soup version 0.30-a0-847-g17996783a1 (webtiles) character file.

Game seed: 18186601973640044958

73 Newt the Shooter (level 4, -8/30 HPs)
             Began as a Kobold Hunter on Mar 3, 2023.
             Mangled by Terence
             ... wielding a +0 hand axe
              (12 damage)
             ... on level 3 of the Dungeon.
             The game lasted 00:01:29 (2133 turns).

Newt the Shooter (Kobold Hunter)                    Turns: 2133, Time: 00:01:29

Health: -8/30      AC:  3    Str: 13    XL:     4   Next: 51%
Magic:  13/13      EV: 15    Int: 16    God:
Gold:   117        SH:  0    Dex: 20    Spells: 3/3 levels left

rFire   . . .      SeeInvis .    a - +0 shortbow
rCold   . . .      Faith    .    (shield currently unavailable)
rNeg    . . .      Spirit   .    i - +0 robe of the Scuffed God {MP+9 Str+5}
rPois   .          Reflect  .    (no helmet)
rElec   .          Rampage  .    g - +0 cloak
rCorr   .                        (no gloves)
Will    .....                    (no boots)
Stlth   +++                      (no amulet)
HPRegen 0.25/turn                j - +6 ring of intelligence
MPRegen 0.13/turn                (no ring)

@: no status effects
A: small, no large weapons, nightstalker 3
a: no special abilities


You were on level 3 of the Dungeon.
You visited 1 branch of the dungeon, and saw 3 of its levels.

You collected 117 gold pieces.

Inventory:

Hand Weapons
 a - a +0 shortbow (weapon)
Armour
 c - a +0 leather armour
 g - a +0 cloak (worn)
 i - the +0 robe of the Scuffed God (worn) {MP+9 Str+5}
   (You found it on level 2 of the Dungeon)

   Str:       It affects your strength (+5).
   MP:        It affects your magic capacity (+9).
Jewellery
 j - a +6 ring of intelligence (left hand)
Scrolls
 b - a scroll of immolation
 e - a scroll of teleportation
Potions
 d - a potion of brilliance
 f - 3 potions of curing


   Skills:
 + Level 4.9 Fighting
 - Level 5.3 Ranged Weapons
 - Level 2.4 Dodging
 - Level 1.3 Stealth


You had 3 spell levels left.
You didn't know any spells.
Your spell library was empty.

Dungeon Overview and Level Annotations

Branches:
Dungeon (3/15)

Altars:

Annotations:
D:3 Terence


Innate Abilities, Weirdness & Mutations

You are small and have problems with some larger weapons.
You are completely attuned to the shadows.


Message History

r - Retreat! s - Stop attacking. g - Guard the area. f - Follow me.
Anything else - Cancel.
You shout for attention!
Terence shouts!
You shoot an arrow.
The arrow hits Terence but does no damage.
Terence screams, "I want your blood!"
You shoot an arrow. The arrow hits Terence!
Terence is moderately wounded.
You shoot an arrow. The arrow barely misses Terence.
You shoot an arrow. The arrow hits Terence.
Terence is severely wounded.
Terence completely misses you.
Terence drinks a potion.
Terence goes berserk!
You shoot an arrow.
The arrow hits Terence but does no damage.
Terence is severely wounded.
Terence hits you with a +0 hand axe.
You shoot an arrow.
The arrow hits Terence but does no damage.
Terence is severely wounded.
Terence closely misses you. Terence barely misses you.
You shoot an arrow. The arrow closely misses Terence.
Terence hits you with a +0 hand axe. x2
You shoot an arrow. The arrow closely misses Terence.
Terence closely misses you. Terence hits you with a +0 hand axe.
You shoot an arrow. The arrow barely misses Terence.
Terence barely misses you. x2
You shoot an arrow. The arrow closely misses Terence.
Terence closely misses you. x2
You shoot an arrow.
The arrow hits Terence but does no damage.
Terence is severely wounded.
Terence barely misses you.
You shoot an arrow. The arrow hits Terence.
Terence is severely wounded.
Terence hits you with a +0 hand axe! x2
* * * LOW HITPOINT WARNING * * *
You shoot an arrow. The arrow hits Terence.
Terence is almost dead.
Terence closely misses you. Terence hits you with a +0 hand axe!
You die...

####.# ....<#####
.........##.PP..PP.
###..###.##.PP..P..
#..# #.##.P..PP..
#..# #.##......?.
#..# #.# #.###.
.###.#####.....
.....@@....####
.....####### ######


You could see Terence (berserk).

Vanquished Creatures
  2 adders (D:2)
  3 worms
  3 dart slugs (D:1)
  A ball python (D:1)
  4 endoplasms
  2 giant cockroaches
  3 goblins
  4 hobgoblins
  6 kobolds
  5 bats (D:1)
  2 frilled lizards
  3 rats
38 creatures vanquished.

Notes
Turn   | Place    | Note
-------+----------+-------------------------------------------
     0 | D:1      | Newt the Kobold Hunter began the quest for the Orb.
     0 | D:1      | Reached XP level 1. HP: 12/12 MP: 1/1
   265 | D:1      | Reached XP level 2. HP: 18/18 MP: 2/2
   492 | D:1      | Reached XP level 3. HP: 23/23 MP: 3/3
  1322 | D:2      | Reached XP level 4. HP: 27/30 MP: 4/4
  1569 | D:2      | Identified the +0 robe of the Scuffed God {MP+9 Str+5}
  2113 | D:3      | Noticed Terence
  2133 | D:3      | Mangled by Terence

Illustrated notes

Levels and vault maps discovered:
D:1:      giann_wishing_wells, layout_loops_ring, dreamdust_princess_corridor
D:2:      layout_basic
D:3:      layout_loops_ring, mainiacjoe_overflow_catch_the_wave, uniq_terence,
          uniq_jessica

Skill      XL: |  1  2  3 |
---------------+----------+-----
Fighting       | 3 4 |  4.9
Ranged Weapons | |  5.3
Dodging        | |  2.4
Stealth        | |  1.3

Action                     |  1- 3 |  4- 6 || total
---------------------------+-------+-------++-------
   Fire: Shortbow          |    80 |    45 ||   125
    Use: Scroll            |       |     3 ||     3
 Armour: Leather armour    |    10 |     1 ||    11
         Robe              |       |     1 ||     1
  Dodge: Dodged            |    35 |    17 ||    52

Table legend: (Time is in decaauts)
 A = Elapsed time spent in this place.
 B = Non-inter-level travel time spent in this place.
 C = Inter-level travel time spent in this place.
 D = Time resting spent in this place.
 E = Time spent auto-exploring this place.
 F = Levels seen in this place.
 G = Mean time per level.
                   A        B        C        D        E       F      G
               +--------+--------+--------+--------+--------+-----+--------+
         Total |   2165 |   2029 |    136 |    134 |   1646 |   3 |  721.7 |
       Dungeon |   2165 |   2029 |    136 |    134 |   1646 |   3 |  721.7 |
               +--------+--------+--------+--------+--------+-----+--------+

Top non-repeatable levels by time:
     D:1: 1154 daAuts
     D:2: 959 daAuts
     D:3: 51 daAuts
